 Dungeon Crawl Stone Soup version 0.27-a0-103-g6cd7b45605 (webtiles) character file.

Game seed: 1317429650832641791

66 vurker the Gusty (level 3, -2/15 HPs)
             Began as a Felid Air Elementalist on Jan 22, 2021.
             Was an Initiate of Vehumet.
             Slain by an ice beast (14 damage)
             ... on level 3 of the Dungeon.
             The game lasted 00:03:47 (2604 turns).

vurker the Gusty (Felid Air Elementalist)           Turns: 2604, Time: 00:03:47

Health: -2/15      AC:  1    Str:  4    XL:     3   Next: 96%
Magic:  2/8        EV: 18    Int: 17    God:    Vehumet [......]
Gold:   103        SH:  0    Dex: 16    Spells: 6/7 levels left
                                        Lives:  0   Deaths: 0

rFire    . . .     SeeInvis +   (weapon unavailable)
rCold    . . .     Faith    .   (shield unavailable)
rNeg     . . .     Spirit   .   (armour unavailable)
rPois    .         Reflect  .   (helmet unavailable)
rElec    .         Harm     .   (cloak unavailable)
rCorr    .         Rampage  .   (gloves unavailable)
Will     .....                  (boots unavailable)
Stlth    +++.......             (no amulet)
HPRegen  0.05/turn              (no ring)
MPRegen  0.11/turn              (no ring)

@: quick
A: very small, no armour, no weapons or thrown items, stealth, claws 1, fangs 3,
see invisible, speed 1, shaggy fur 1, sharp paws
a: Renounce Religion


You were on level 3 of the Dungeon.
You worshipped Vehumet.
Vehumet was noncommittal.
You visited 1 branch of the dungeon, and saw 3 of its levels.

You collected 103 gold pieces.

Inventory:

Scrolls
 a - a scroll of fog {unknown}
 b - a scroll of immolation {unknown}
 d - 2 scrolls of identify {unknown}
 h - a scroll of magic mapping {unknown}
 i - a scroll of remove curse {unknown}
Potions
 c - a potion of lignification {unknown}
 e - 2 potions of invisibility {unknown}
 f - a potion of degeneration {unknown}
 g - a potion of curing {unknown}
 j - a potion of might {unknown}


   Skills:
 + Level 1.1 Fighting
 - Level 2.6 Dodging
 - Level 2.6 Stealth
 * Level 2.8 Spellcasting
 + Level 1.5 Conjurations
 * Level 3.3 Air Magic


You had 6 spell levels left.
You knew the following spells:

 Your Spells              Type           Power        Failure   Level
a - Shock                 Conj/Air       40%          7%          1

Your spell library contained the following spells:

 Spells                   Type           Power        Failure   Level
 Swiftness                Air            13%          7%          2
 Static Discharge         Conj/Air       10%          21%         3
 Airstrike                Air            6%           41%         4
 Lightning Bolt           Conj/Air       5%           88%         5


Dungeon Overview and Level Annotations

Branches:
Dungeon (3/15)

Altars:
Makhleb
Vehumet


Innate Abilities, Weirdness & Mutations

You cannot wear armour.
You are incapable of wielding weapons or throwing items.
Your paws allow you to move quietly. (Stealth)
You have sharp claws.
You have razor-sharp teeth.
You have supernaturally acute eyesight. (SInv)
You cover ground quickly.
You are covered in fur. (AC +1)
Your sharp claws are effective at attacking unaware monsters.


Message History

Aim: a worm (heavily wounded, 11% to evade)
The zap hits the worm.
Aim: a worm (almost dead, 11% to evade)
The zap hits the worm.
You don't have enough magic to cast that spell.
You see here a spear.
Aim: a worm (severely wounded, 11% to evade)
The zap hits the worm.
There is a stone staircase leading up here.
You climb upwards.
There is a stone staircase leading down here.
You start resting.
You start waiting.
Done waiting.
You climb downwards.
The worm bites you.
There is a stone staircase leading up, spattered with blood here.
The zap hits the worm. x2
The zap hits the worm. x2; The worm barely misses you.
The zap hits the worm. x2; The worm completely misses you.
The zap hits the worm. x2
The zap hits the worm.
You kill the worm!
Vehumet accepts your kill.
A rat and an ice beast come into view.
There are monsters nearby!
There are monsters nearby!
There is a stone staircase leading up, spattered with blood here.
Okay, then.
Aim: a rat (asleep, 0% to evade)
The zap hits the rat.
You kill the rat!
Vehumet accepts your kill.
There is a stone staircase leading up, spattered with blood here.
You start resting.
Aim: an ice beast (asleep, 0% to evade)
The zap hits the ice beast but does no damage.
Aim: an ice beast (32% to evade)
The zap hits the ice beast.
Aim: an ice beast (lightly wounded, 32% to evade)
The zap hits the ice beast.
Aim: an ice beast (lightly wounded, 32% to evade)
The zap hits the ice beast.
Aim: an ice beast (moderately wounded, 32% to evade)
The zap hits the ice beast.
There is a stone staircase leading up, spattered with blood here.
The zap hits the ice beast but does no damage.
The zap hits the ice beast. x2
The ice beast hits you. The ice beast freezes you!
Ouch! That really hurt!
You die...

# #. #.##### #
#.....# .. #
#...####.#
#.#........##
#.#.@........
#####.#.#Y.......
.................
####.....####...
#####.######.##
#..<.).......#
......#..######.#
..... +.........#
.... #..######.#


You could see an ice beast.

Vanquished Creatures
  An adder (D:2)
  2 worms
  A dart slug (D:1)
  2 leopard geckos
  3 giant cockroaches
  5 goblins
  7 hobgoblins
  6 kobolds
  2 quokkas (D:2)
  6 bats (D:2)
  3 frilled lizards (D:2)
  7 rats
45 creatures vanquished.

Notes
Turn   | Place    | Note
-------+----------+-------------------------------------------
     0 | D:1      | vurker the Felid Air Elementalist began the quest for the
                  | Orb.
     0 | D:1      | Reached XP level 1. HP: 7/7 MP: 4/4
    28 | D:1      | Reached skill level 1 in Conjurations
   288 | D:1      | Reached XP level 2. HP: 12/12 MP: 0/6
   859 | D:2      | Reached skill level 3 in Air Magic
  1118 | D:2      | Reached XP level 3. HP: 15/15 MP: 2/7
  1259 | D:2      | Reached skill level 1 in Fighting
  2135 | D:2      | Found a radiant altar of Vehumet.
  2141 | D:2      | Found a burning altar of Makhleb.
  2147 | D:2      | Became a worshipper of Vehumet
  2572 | D:3      | Noticed an ice beast
  2604 | D:3      | Slain by an ice beast

Illustrated notes

Levels and vault maps discovered:
D:1:      psy_arrival_conway, layout_rooms, minivault_11
D:2:      layout_loops_ring, minitemple
D:3:      layout_basic, fedhas_altar_fruit_tree, kennysheep_generic_room_15,
          uniq_robin, uniq_jessica

Skill      XL: |  1  2  3 |
---------------+----------+-----
Conjurations   | 1 |  1.5
Air Magic      | 3 |  3.3
Fighting       | 1 |  1.1
Dodging        | |  2.6
Stealth        | |  2.6
Spellcasting   | |  2.8

Action                   || total
-------------------------++-------
Melee: Unarmed           ||     8
 Cast: Shock             ||   120
Armor: Skin              ||     4
Dodge: Dodged            ||    21

Table legend: (Time is in decaauts)
 A = Elapsed time spent in this place.
 B = Non-inter-level travel time spent in this place.
 C = Inter-level travel time spent in this place.
 D = Time resting spent in this place.
 E = Time spent auto-exploring this place.
 F = Levels seen in this place.
 G = Mean time per level.
                   A        B        C        D        E       F      G
               +--------+--------+--------+--------+--------+-----+--------+
         Total |   2368 |   2343 |     25 |    174 |   1886 |   3 |  789.3 |
       Dungeon |   2368 |   2343 |     25 |    174 |   1886 |   3 |  789.3 |
               +--------+--------+--------+--------+--------+-----+--------+

Top non-repeatable levels by time:
     D:2: 1477 daAuts
     D:1: 737 daAuts
     D:3: 153 daAuts
